 Dungeon Crawl Stone Soup version 0.31-a0-232-gb1c03b2570 (webtiles) character file.

Game seed: 6632692417631479585

2363 senseless the Trooper (level 9, 0/57 HPs)
             Began as a Gargoyle Fighter on July 7, 2023.
             Slain by Maggie
             ... wielding a +2 halberd of pain
              (13 damage)
             ... on level 6 of the Dungeon.
             The game lasted 00:15:14 (4793 turns).

senseless the Trooper (Gargoyle Fighter)            Turns: 4793, Time: 00:15:15

Health: 0/57       AC: 26    Str: 24    XL:     9   Next: 44%
Magic:  9/9        EV:  6    Int:  9    God:
Gold:   321        SH:  9    Dex:  9    Spells: 8/8 levels left

rFire   . . .        a - +0 flail
rCold   . . .        p - +0 kite shield "Ino Lemi" {Regen+}
rNeg    + . .        h - +1 plate armour
rPois   ∞            (no helmet)
rElec   +            b - +0 cloak
rCorr   .            (no gloves)
SInv    .            (no boots)
Will    +....        (no amulet) Stlth
                     i - +4 ring of protection
HPRegen 1.09/turn    j - ring of willpower
MPRegen 0.11/turn

%: no passive effects
@: mighty, mesmerised
A: sickness immunity, AC +6, negative energy resistance 1, electricity
resistance, torment resistance 1, petrification resistance
a: no special abilities


You were on level 6 of the Dungeon.
You visited 2 branches of the dungeon, and saw 7 of its levels.

You collected 321 gold pieces.

Inventory:

Hand Weapons
 a - a +0 flail (weapon)
 r - a +4 quarterstaff of chaos
 y - a +1 scythe of protection
Missiles
 e - 3 curare-tipped darts
 w - 2 throwing nets
 z - 5 silver javelins
Armour
 b - a +0 cloak (worn)
 c - a +0 buckler
 h - a +1 plate armour (worn)
 m - a scarf of resistance
 p - the +0 kite shield "Ino Lemi" (worn) {Regen+}
   (You found it on level 3 of the Dungeon)

   Regen:     It increases your rate of health regeneration.
Jewellery
 i - a +4 ring of protection (left hand)
 j - a ring of willpower (right hand)
 k - a ring of resist corrosion
 t - a +6 ring of strength
 u - a ring of fire
Scrolls
 f - a scroll of fog
 g - a scroll of amnesia
 l - a scroll of teleportation
 A - a scroll of poison
Potions
 d - 2 potions of might
 n - 2 potions of curing
 o - a potion of enlightenment
 q - a potion of berserk rage
 s - a potion of invisibility {unknown}
 v - a potion of haste {unknown}
 x - a potion of attraction {unknown}


   Skills:
 + Level 7.3 Fighting
 + Level 6.2 Maces & Flails
 + Level 2.9 Throwing
 + Level 7.3 Armour
 + Level 7.2 Shields


You had 8 spell levels left.
You didn't know any spells.
Your spell library contained the following spells:

 Spells                   Type           Power      Damage    Failure   Level
 Poisonous Vapours        Pois/Air       0%         N/A       100%        2
 Mephitic Cloud           Conj/Pois/Air  0%         N/A       100%        3
 Freezing Cloud           Conj/Ice/Air   0%         6-21      100%        5


Dungeon Overview and Level Annotations

Branches:
Dungeon (6/15)             Temple (1/1) D:4

Altars:
Fedhas
Hepliaklqana
Makhleb
Ru
Uskayaw
Wu Jian
Xom

Shops:
D:4 *   D:5 =

Annotations:
D:6 Maggie


Innate Abilities, Weirdness & Mutations

You are immune to sickness and miasma.
Your stone body is resilient. (AC +6)
You are immune to poison.
You resist negative energy. (rN+)
You are resistant to electric shocks. (rElec)
You are resistant to unholy torment.
You are immune to petrification.


Message History

The ice beast barely misses you.
You sock the ice beast!
You kill the ice beast!
No target in view!
No target in view!
No target in view!
No target in view!
No target in view!
No target in view!
No target in view!
No target in view!
No target in view!
No target in view!
No target in view!
No target in view!
You start resting.
HP restored.
You feel very mighty all of a sudden.
You open the door.
Maggie gestures wildly while chanting.
Maggie attempts to bespell you!
You are mesmerised by Maggie!
There is an open door here.
Maggie zaps a wand.
The bolt of light hits you!
You are confused.
You are too confused!
Maggie casts a spell at you. The bolt of fire hits you!
You thump Maggie!
Maggie is moderately wounded.
You feel less confused.
Maggie gives herself a magical halo, but it quickly sputters out.
Maggie zaps a wand.
The bolt of light hits you!
* * * LOW HITPOINT WARNING * * *
Maggie hits you with a +2 halberd of pain.
* * * LOW HITPOINT WARNING * * *
You completely miss Maggie.
Maggie is moderately wounded.
Maggie hits you with a +2 halberd of pain!
You die...

#..#..#
#..#####..#
#.....#
#.##...##.#
.....##
#.#.#.#.#.#
..####
#.#.(#..#.#
###
#.#(#(#(#.#
#.##(((##.#
#.###(###
#.#.###.#
#.#.@@..#
#.##._.##
#..#...#
#..##'##..#
##.......#
#########


You could see Maggie (mesmerising) and 8 dancing weapons.

Vanquished Creatures
  A shadow (D:5)
  Sigmund (D:5)
  Eustachio (D:5)
  Menkaure (D:6)
  3 water moccasins
  2 ice beasts (D:6)
  A phantom (D:5)
  A bullfrog (D:6)
  10 wights
  A jelly (D:4)
  Crazy Yiuf (D:5)
  2 hounds
  3 orc priests (D:6)
  A sleepcap (D:6)
  7 iguanas
  5 orc wizards
  6 gnolls (D:4)
  4 adders
  A worm (D:3)
  4 dart slugs
  15 orcs
  5 endoplasms
  2 giant cockroaches
  7 goblins
  5 hobgoblins
  2 jackals (D:4)
  9 kobolds
  4 quokkas
  4 ball pythons
  5 bats
  2 frilled lizards
  8 rats
124 creatures vanquished.

Notes
Turn   | Place    | Note
-------+----------+-------------------------------------------
     0 | D:1      | senseless the Gargoyle Fighter began the quest for the Orb.
     0 | D:1      | Reached XP level 1. HP: 14/14 MP: 1/1
   100 | D:1      | Reached XP level 2. HP: 19/19 MP: 2/2
   119 | D:1      | Found a faded altar of an unknown god.
   142 | D:1      | Prayed at the altar of an unknown god.
   142 | D:1      | Became a worshipper of Ru the Awakened
   143 | D:1      | Fell from the grace of Ru
   471 | D:1      | Reached XP level 3. HP: 18/23 MP: 3/3
  1206 | D:2      | Found Idimadyak's Jewellery Shop.
  2252 | D:3      | Reached XP level 4. HP: 29/29 MP: 4/4
  2285 | D:3      | Identified the +0 kite shield "Ino Lemi" {Regen+}
  2475 | D:3      | Found a burning altar of Makhleb.
  2852 | D:4      | Noticed a water moccasin
  2865 | D:4      | Killed a water moccasin
  2866 | D:4      | Reached XP level 5. HP: 34/34 MP: 5/5
  2886 | D:4      | Reached XP level 6. HP: 39/39 MP: 6/6
  2899 | D:4      | Found a staircase to the Ecumenical Temple.
  2907 | Temple   | Entered the Ecumenical Temple
  2959 | D:4      | Found Xoepson's Serpentskin Sales.
  3436 | D:5      | Entered Level 5 of the Dungeon
  3441 | D:5      | Noticed a shadow
  3496 | D:5      | Reached skill level 5 in Fighting
  3511 | D:5      | Found a runed translucent door.
  3512 | D:5      | Noticed Crazy Yiuf
  3519 | D:5      | Killed Crazy Yiuf
  3520 | D:5      | Reached skill level 5 in Armour
  3520 | D:5      | Reached skill level 5 in Shields
  3539 | D:5      | Noticed a water moccasin
  3547 | D:5      | Killed a water moccasin
  3548 | D:5      | Reached XP level 7. HP: 44/44 MP: 7/7
  3635 | D:5      | Killed a shadow
  3744 | D:5      | Noticed Eustachio
  3746 | D:5      | Found a hazy altar of Hepliaklqana.
  3771 | D:5      | Killed Eustachio
  3772 | D:5      | Reached XP level 8. HP: 51/51 MP: 8/8
  3805 | D:5      | Noticed Sigmund
  3830 | D:5      | Killed Sigmund
  3831 | D:5      | Reached skill level 5 in Maces & Flails
  3918 | D:5      | Found a blossoming altar of Fedhas.
  4027 | D:5      | Reached skill level 1 in Throwing
  4142 | D:5      | Found Muomp's Jewellery Shoppe.
  4380 | D:6      | Noticed a +0 short sword
  4380 | D:6      | Noticed a +0 dagger
  4380 | D:6      | Noticed a +0 falchion
  4380 | D:6      | Noticed a +0 spear
  4380 | D:6      | Noticed a +0 short sword
  4380 | D:6      | Noticed a +0 spear
  4382 | D:6      | Noticed a +0 falchion
  4386 | D:6      | Noticed a +0 dagger
  4421 | D:6      | Found a shimmering altar of Xom.
  4423 | D:6      | Noticed Menkaure
  4445 | D:6      | Reached XP level 9. HP: 42/56 MP: 9/9
  4467 | D:6      | Killed Menkaure
  4756 | D:6      | Noticed Maggie
  4757 | D:6      | Found a hide-covered altar of Uskayaw.
  4793 | D:6      | Slain by Maggie

Illustrated notes

Levels and vault maps discovered:
D:1:      shiori_arrival_oz, layout_loops_corners,
          chequers_ecumenical_altar_simple_redux,
          minmay_misc_feat_secret_circle, minmay_splitting_lines,
          hangedman_decor_slide_cut, st_stairs_8
D:2:      layout_basic, serial_shops, nicolae_shop_tiny_glass
D:3:      layout_basic, mainiacjoe_overflow_surrounded_room
D:4:      layout_gridville, minmay_temple_entry_drinking_statues,
          guppyfry_shop_venom
D:5:      layout_loops_ring, mainiacjoe_overflow_tiny_flanked,
          mainiacjoe_overflow_boulevard, serial_shops,
          nicolae_shop_tiny_real_fake_doors, uniq_crazy_yiuf_cottage,
          uniq_eustachio, uniq_sigmund
D:6:      layout_loops_ring, mainiacjoe_overflow_small_starburst,
          nicolae_uskayaw_en_pointe, serial_shops, nicolae_shop_gaudy_bauble,
          kennysheep_dice, uniq_prince_ribbit1, uniq_menkaure, uniq_maggie
Temple:   ebering_the_one_and_only

Skill      XL: |  1  2  3  4  5  6  7  8  9 |
---------------+----------------------------+-----
Fighting       | 4 5 6 7 |  7.3
Armour         | 4 5 6 7 |  7.3
Shields        | 4 5 6 7 |  7.2
Maces & Flails | 3 4 5 6 |  6.2
Throwing       | 1 2 |  2.9

Action                     |  1- 3 |  4- 6 |  7- 9 || total
---------------------------+-------+-------+-------++-------
  Melee: Flail             |   150 |   158 |   312 ||   620
 Invoke: Renounce Religion |     1 |       |       ||     1
    Use: Scroll            |     6 |     4 |       ||    10
         Potion            |       |       |     3 ||     3
 Armour: Scale mail        |     5 |       |       ||     5
         Chain mail        |    59 |       |       ||    59
         Plate armour      |    39 |   150 |   192 ||   381
  Dodge: Dodged            |    48 |    46 |    62 ||   156
  Block: Buckler           |    31 |       |       ||    31
         Kite shield       |       |    86 |   107 ||   193

Table legend: (Time is in decaauts)
 A = Elapsed time spent in this place.
 B = Non-inter-level travel time spent in this place.
 C = Inter-level travel time spent in this place.
 D = Time resting spent in this place.
 E = Time spent auto-exploring this place.
 F = Levels seen in this place.
 G = Mean time per level.
                   A        B        C        D        E       F      G
               +--------+--------+--------+--------+--------+-----+--------+
         Total |   4982 |   4726 |    256 |     25 |   3425 |   7 |  711.7 |
       Dungeon |   4980 |   4724 |    256 |     25 |   3425 |   6 |  830.0 |
        Temple |      1 |      1 |      0 |      0 |      0 |   1 |    1.0 |
               +--------+--------+--------+--------+--------+-----+--------+

Top non-repeatable levels by time:
     D:1: 1045 daAuts
     D:2: 989 daAuts
     D:5: 845 daAuts
     D:3: 784 daAuts
     D:4: 738 daAuts
     D:6: 577 daAuts
  Temple: 1 daAuts
